[Event "XII Cracow ICC-A 2024"]
[Site "Krakow"]
[Date "2024.06.29"]
[Round "9.1"]
[White "Rozentalis, Eduardas"]
[Black "Kosakowski, Jakub"]
[Result "1/2-1/2"]
[ECO "B52"]
[WhiteElo "2476"]
[BlackElo "2480"]
[Annotator "TA"]
[PlyCount "65"]
[EventDate "2024.06.20"]
[EventType "swiss"]
[EventCountry "POL"]
[SourceTitle "playchess.com"]
[Source "ChessBase"]
[SourceQuality "1"]
[TimeControl "40/5400+30:1800+30"]

1. e4 c5 2. Nf3 d6 3. Bb5+ Bd7 4. Bxd7+ Qxd7 5. c4 e5 6. Nc3 Nc6 7. d3 Be7 8. O-O Bd8 9. a3 Nge7 {[%emt 0:01:20] White has an edge.} 10. Rb1 Ng6 11. b4 O-O 12. Nd5 f5 13. Re1 b6 14. Bd2 fxe4 15. dxe4 Rf7 16. b5 Nd4 17. Nxd4 cxd4 18. Rb3 Bh4 19. g3 Raf8 20. gxh4 $16 Nxh4 {[%emt 0:04:34] [#]} 21. f4 $1 exf4 {[%emt 0:00:06] [#] Threatens to win with ...f3.} 22. Qh5 f3 {[%emt 0:03:58] [#]} 23. Qxh4 ({Only move:} 23. Rf1 $1 $16 Qh3 24. Rf2) 23... f2+ $11 24. Kg2 {[%emt 0:00:36] Black must now prevent Rf1.} fxe1=N+ 25. Bxe1 Qc8 {[%emt 0:01:59] The position is equal.} 26. Ne7+ Rxe7 $1 27. Qxe7 {[%emt 0:00:03] Rg3 would now be deadly.} Qg4+ 28. Rg3 $1 Qe2+ 29. Kh3 g6 {[%emt 0:03:18] Hoping for ...Qf1+.} ({And not} 29... Qxe1 30. Qxg7#) 30. Qxd6 Qh5+ 31. Kg2 Qe2+ 32. Kh3 Qh5+ 33. Kg2 {[%emt 0:00:15] Weighted Error Value: White=0.10 (very precise) /Black=0.10 (very precise) .  Mistake:       	White=1     	Black=1      Inaccurate:     	White=1     	Black=1      OK:         	White=9     	Black=10     Best:        	White=4     	Black=3      Strong:       	White=1     	Black=1} 1/2-1/2

[Event "XII Cracow ICC-A 2024"]
[Site "Krakow"]
[Date "2024.06.29"]
[Round "9.2"]
[White "Gumularz, Szymon"]
[Black "Bogdanov, Egor"]
[Result "1-0"]
[ECO "E11"]
[WhiteElo "2593"]
[BlackElo "2433"]
[Annotator "TA"]
[PlyCount "71"]
[EventDate "2024.06.20"]
[EventType "swiss"]
[EventCountry "POL"]
[SourceTitle "playchess.com"]
[Source "ChessBase"]
[SourceQuality "1"]
[TimeControl "40/5400+30:1800+30"]

1. d4 Nf6 2. c4 e6 3. Nf3 Bb4+ 4. Bd2 Qe7 5. e3 Bxd2+ 6. Qxd2 d6 7. Nc3 {[%emt 0:01:11] E11: Bogo-Indian.} O-O 8. Bd3 e5 9. Bc2 Bg4 10. h3 Bxf3 11. gxf3 exd4 12. Qxd4 Nc6 13. Qh4 g6 $1 14. O-O-O $146 ({Predecessor:} 14. f4 Nd4 15. O-O-O Nxc2 16. Kxc2 Qe6 17. Kb1 Kg7 18. Rd4 c5 19. Rd3 Qxc4 20. Rxd6 {0-1 Devnani,K (2221)-Smith,B (2386) Budapest Vezerkepzo Autumn IM 2023 (6)}) 14... a6 (14... a5 $14) 15. f4 ({White should try} 15. Qg5 $1 $16) 15... b5 $1 $14 16. f5 Ne5 17. Ne4 Kg7 18. c5 dxc5 19. f4 Nc4 $1 (19... Nf3 20. Qxf6+ Qxf6 21. Nxf6 Kxf6 22. fxg6 $16 (22. Be4 Rae8 $18)) 20. Rd7 $1 Qxd7 21. Qxf6+ Kg8 22. Qh4 f6 $1 23. fxg6 (23. Nxc5 $2 Qc6 (23... Qd2+ $2 24. Kb1 $19) 24. Re1 Qxc5 $19) 23... Qg7 24. Rg1 (24. Nxc5 f5 25. Qxh7+ Qxh7 26. gxh7+ Kxh7 $17) 24... h6 $2 (24... hxg6 $14 25. f5 (25. Nxc5 f5 $17) 25... Ne5 (25... g5 $2 26. Nxg5 Nxe3 27. Rg3 $18) 26. Nxc5 g5 27. Bb3+ Rf7) 25. f5 $1 $18 (25. Nxc5 f5 26. Nd3 Rae8 $17 (26... Nxe3 27. Bb3+ Nc4 28. Ne5 $11)) 25... Rae8 $2 (25... Rad8 26. Bb3 (26. Nxc5 Qe7 $11) 26... Rd5) 26. Nxc5 $2 (26. Bb3 $18) 26... Rxe3 $16 27. Bb3 (27. Nxa6 $2 Rd8 28. Bb3 Qe7 29. Bxc4+ bxc4 30. Qxc4+ Kg7 31. Nxc7 Rd7 (31... Rxh3 32. Ne6+ Kh8 33. g7+) 32. Qf7+ (32. Ne6+ $2 Rxe6 33. fxe6 Rc7 $19) 32... Qxf7 33. gxf7+ Kxf7 $19) (27. Ne6 Rxe6 28. b3 (28. fxe6 $2 f5 $19) 28... Re5 29. bxc4 Qe7 $17) (27. Rd1 $1 $16) 27... Rfe8 $2 (27... Qe7 $1 $11 {and Black is okay.} 28. Bxc4+ Kg7 29. Ne6+ (29. Nxa6 $2 Re4 $19) 29... Rxe6 30. fxe6 Qc5) 28. Bxc4+ $18 (28. Nxa6 $2 R8e4 29. Qf2 Qe7 $19 (29... Rxh3 30. Nc5 $14)) (28. Ne6 R8xe6 29. fxe6 (29. Bxc4 bxc4 30. fxe6 Rxe6 $11) 29... Rxe6 $11) 28... bxc4 29. Qxc4+ (29. Nxa6 $2 R8e4 30. Qf2 Qe7 $19 (30... Rxh3 31. Nc5 $11)) (29. Ne6 R8xe6 30. fxe6 Rxe6 $17) 29... Kh8 30. Ne6 R8xe6 $2 (30... Qd7 $2 31. g7+ $18 (31. Qxc7 $2 {perishes.} Rc8 $19) (31. Qxc7 $2 Rc8 $19)) (30... R3xe6 31. fxe6 Qe7) 31. fxe6 $18 Qe7 32. g7+ ({Not} 32. Qxa6 Kg7 $16) 32... Kg8 {[%emt 0:00:01] [#]} 33. Rd1 $1 (33. Qxa6 Qc5+ 34. Kb1 Qf5+ 35. Ka1 Qxe6 36. Qa8+ Qe8 37. Qxe8+ Rxe8 $11) 33... Qxe6 34. Qxc7 Re1 35. Qb8+ Qe8 {[%emt 0:00:26] [#]} 36. Qb3+ $1 1-0

[Event "XII Cracow ICC-A 2024"]
[Site "Krakow"]
[Date "2024.06.29"]
[Round "9.3"]
[White "Moussard, Jules"]
[Black "Vetoshko, Volodymyr"]
[Result "1-0"]
[ECO "C70"]
[WhiteElo "2610"]
[BlackElo "2505"]
[Annotator "TA"]
[PlyCount "117"]
[EventDate "2024.06.20"]
[EventType "swiss"]
[EventCountry "POL"]
[SourceTitle "playchess.com"]
[Source "ChessBase"]
[SourceQuality "1"]
[TimeControl "40/5400+30:1800+30"]

1. e4 e5 2. Nf3 Nc6 3. Bb5 a6 4. Ba4 Nge7 5. O-O Ng6 6. d4 {[%emt 0:00:13] C60: Ruy Lopez: Unusual Black 3rd moves and 3...g6.} exd4 7. Nxd4 Bc5 8. Nf5 O-O 9. Be3 Bxe3 10. Nxe3 b5 11. Bb3 Na5 12. Nc3 Nxb3 13. cxb3 Bb7 14. Qc2 $146 ({Predecessor:} 14. Rc1 Re8 15. Qg4 d6 16. Rfd1 Rc8 17. a4 h6 18. Kh1 Bc6 19. axb5 axb5 20. f3 {½-½ Ayush,S (2378)-Ghosh,D (2568) Bhubaneswar SOA op 1st 2024 (7)}) 14... Re8 15. Rad1 d6 16. f3 Nf4 17. Ncd5 Nxd5 18. Nxd5 Rc8 19. Ne3 Qg5 20. Rd3 g6 21. Qc3 Qe5 22. Rc1 h5 23. Qd2 Red8 24. b4 c6 25. Rd1 d5 26. Qc3 Qxc3 27. bxc3 Re8 28. exd5 cxd5 29. Kf2 Rc7 30. Ke2 a5 31. Kd2 axb4 32. cxb4 Ra8 33. Ra1 Rac8 34. a3 (34. Nxd5 $2 Rc2+ 35. Ke3 Re8+ (35... Rxg2 $2 36. Ne7+ Kg7 37. Nxc8 $18) 36. Kf4 g5+ (36... Rxg2 $2 37. Nf6+ Kf8 38. Nxe8 $18) 37. Kg3 h4+ 38. Kh3 Ree2 $19) 34... Kg7 35. h4 (35. Nxd5 $2 Rc2+ 36. Ke3 Re8+ (36... Rxg2 $2 37. Nc3 $19) 37. Kf4 g5+ (37... Rxg2 $2 38. h4 $19) 38. Kf5 (38. Kg3 $2 h4+ 39. Kh3 Ree2 $19) 38... Rxg2 $19) 35... Ba8 36. Ra2 (36. Nxd5 Rc2+ 37. Ke3 Rxg2 $17) 36... Rc1 37. Rc2 R8xc2+ 38. Nxc2 Rh1 39. Nd4 Rxh4 40. Ke3 (40. Nxb5 Rh2 41. Nc7 Rxg2+ 42. Ke3 Bc6 $11) 40... Kf6 $2 (40... Rh1 $1 $14) 41. Rc3 $1 $18 (41. Nxb5 Rc4 $14) 41... Rh2 (41... Ke5 $2 42. Rc8 $18) 42. Rc8 (42. Nxb5 Rxg2 43. Rc8 Bb7 $11) 42... Bb7 43. Rc7 Rxg2 44. Rxb7 h4 45. Rb6+ (45. Nxb5 h3 46. Rb8 Kg7 $11) 45... Kg7 46. Rc6 $1 (46. Rxb5 $2 h3 $19) 46... h3 47. Rc1 $1 (47. Nxb5 $2 h2 48. Nd4 h1=Q $19 (48... h1=B $2 49. Rc1 $18)) 47... h2 48. Rh1 $1 (48. Nxb5 $2 {perishes.} Rg1 49. Rc7 h1=Q $19 (49... h1=R $2 50. Nd4 $19)) 48... g5 49. Nxb5 f5 {[%emt 0:02:24] [#]} 50. Nd4 $1 Kf6 {[%emt 0:02:31] [#]} 51. b5 $1 Ra2 52. b6 Rxa3+ 53. Kd2 Ra6 54. Rxh2 Kg6 55. Nc6 Ra2+ $2 (55... Rxb6 56. Ne7+ Kf7 57. Rh7+ (57. Nxd5 $2 {too greedy.} Rb2+ 58. Kd3 Rxh2 $19) 57... Kf8 58. Nxf5 (58. Nxd5 Rd6 $11) 58... Rf6) 56. Kc1 $18 Rxh2 57. b7 Rh1+ 58. Kb2 Rh2+ 59. Ka3 1-0

[Event "XII Cracow ICC-A 2024"]
[Site "Krakow"]
[Date "2024.06.29"]
[Round "9.4"]
[White "Drozdowski, Kacper"]
[Black "Fier, Alexandr"]
[Result "0-1"]
[ECO "B50"]
[WhiteElo "2448"]
[BlackElo "2602"]
[Annotator "TA"]
[PlyCount "66"]
[EventDate "2024.06.20"]
[EventType "swiss"]
[EventCountry "POL"]
[SourceTitle "playchess.com"]
[Source "ChessBase"]
[SourceQuality "1"]
[TimeControl "40/5400+30:1800+30"]

1. e4 c5 2. Nf3 d6 3. c3 Nf6 4. h3 g6 5. Bd3 Bg7 6. Bc2 O-O 7. O-O e5 8. Re1 Nc6 9. d4 cxd4 10. cxd4 exd4 11. Nxd4 Nxd4 12. Qxd4 Be6 13. Qb4 d5 14. Nc3 d4 {[%emt 0:03:11] Black is slightly better.} 15. Rd1 Nd7 16. Nd5 Bxd5 17. exd5 Rc8 18. Bb3 Nc5 19. Bf4 Qf6 20. Bg3 b6 21. d6 Ne4 22. Rd3 Nxg3 23. Rxg3 Rcd8 (23... Rc5 {feels hotter.} 24. Rd1 Qxd6 25. Rc3 dxc3 26. Rxd6 cxb2 27. Qe4 Rc1+) 24. Rf3 Qxd6 25. Qxd6 Rxd6 26. Rd1 Rd7 27. Kf1 Rc8 28. Ke2 Re7+ 29. Kd3 Bh6 30. Bc4 Rec7 31. b3 Re7 {[%emt 0:00:05][%cal Ob6b5] Prevents Re1. Strongly threatening ...b5!} 32. Rf6 $2 {[%emt 0:05:25][%mdl 8192] [#]} (32. a4 $17 {nothing else works.}) 32... Bg7 $1 $19 33. Rf4 {[%emt 0:02:05] [#]} b5 $1 {[%emt 0:00:11][%mdl 512] Weighted Error Value: White=0.37/Black=0.03 (flawless) .  Loses game:     	White=1     	---        Inaccurate:     	White=2     	Black=1      OK:         	White=7     	Black=12     Best:        	White=1     	Black=1      Strong:       	---       	Black=1} 0-1

[Event "XII Cracow ICC-A 2024"]
[Site "Krakow"]
[Date "2024.06.29"]
[Round "9.5"]
[White "Samunenkov, Ihor"]
[Black "Kelires, Andreas"]
[Result "1/2-1/2"]
[ECO "D02"]
[WhiteElo "2532"]
[BlackElo "2515"]
[Annotator "TA"]
[PlyCount "57"]
[EventDate "2024.06.20"]
[EventType "swiss"]
[EventCountry "POL"]
[SourceTitle "playchess.com"]
[Source "ChessBase"]
[SourceQuality "1"]
[TimeControl "40/5400+30:1800+30"]

1. d4 Nf6 2. Nf3 d5 3. Bf4 e6 4. e3 Bd6 5. Ne5 O-O 6. Nd2 c5 7. c3 b6 8. h4 Qc7 9. h5 {[%emt 0:05:46] The position is equal.} Nbd7 10. h6 g6 11. Ndf3 (11. Nxd7 {simplifies} Bxd7 12. Bxd6 Qxd6 13. Nf3) 11... c4 12. g4 Ne4 13. g5 b5 14. a3 a5 15. Bg2 Nxe5 16. Nxe5 Nxg5 17. Bxg5 f6 $1 {[%emt 0:00:02] [#]} 18. Bxf6 Rxf6 19. f4 Bd7 20. Qg4 Raf8 21. O-O Be8 22. Rf3 Bxe5 23. fxe5 Rxf3 24. Bxf3 Qf7 25. Rf1 {[%emt 0:01:22] White wants to play Qh4.} Qf5 26. Qxf5 gxf5 {[%emt 0:01:12] White has an edge.} 27. Kf2 Bg6 28. Kg3 Kf7 29. Kh4 {[%emt 0:01:01] Not much happened in this game.   Weighted Error Value: White=0.02 (flawless) /Black=0.04 (flawless) .  OK:         	White=13    	Black=10     Strong:       	---       	Black=1} 1/2-1/2

[Event "XII Cracow ICC-A 2024"]
[Site "Krakow"]
[Date "2024.06.29"]
[Round "9.6"]
[White "Chatalbashev, Boris"]
[Black "Gorkiewicz, Mateusz"]
[Result "0-1"]
[ECO "A08"]
[WhiteElo "2483"]
[BlackElo "2223"]
[Annotator "TA"]
[PlyCount "142"]
[EventDate "2024.06.20"]
[EventType "swiss"]
[EventCountry "POL"]
[SourceTitle "playchess.com"]
[Source "ChessBase"]
[SourceQuality "1"]
[TimeControl "40/5400+30:1800+30"]

1. Nf3 d5 2. g3 Nf6 3. Bg2 e6 4. O-O Be7 5. d3 O-O 6. Nbd2 c5 7. e4 Nc6 8. Re1 b5 9. e5 Nd7 10. Nf1 a5 11. c4 bxc4 12. dxc4 Nb6 {[%emt 0:00:22] Black is slightly better.} 13. cxd5 exd5 14. h4 h6 {[%emt 0:07:45] Wards off Ng5} 15. Be3 d4 16. Bf4 Nd5 17. N1d2 Rb8 18. Nc4 Be6 (18... Nxf4 $19 19. gxf4 Nb4 (19... Bxh4 20. Nxh4 Qxh4 21. Bxc6 $16)) 19. Rc1 (19. Bd2 $142) 19... Re8 (19... Nxf4 $142 20. gxf4 Qd7 (20... Bxh4 21. Nxh4 Nb4 22. Nf3 $16)) 20. a3 $17 Bf8 (20... Nxf4 $17 21. gxf4 Bxc4 (21... Bxh4 22. Nxh4 Qxh4 23. Bxc6 $16) 22. Rxc4 Rxb2) 21. Bd2 $11 Nc3 22. bxc3 Bxc4 23. Qa4 (23. cxd4 Bb3 24. Qe2 Nxd4 25. Nxd4 cxd4) 23... Bb5 24. Qc2 d3 25. Qa2 c4 26. Bf4 a4 27. e6 Bd6 (27... Rb7 28. Nd2 Qf6 29. exf7+ (29. Nxc4 Rxe6 30. Ne3 Re8 $16) 29... Qxf7 30. Rxe8 Qxe8 31. Bd5+ (31. Nxc4 $2 Qe6 $19) 31... Kh8 32. Nxc4 $14 (32. Bxc4 Na5 $15)) (27... fxe6 $1 $15 28. Bxb8 Qxb8) 28. exf7+ $14 Kxf7 29. Nd2 $2 (29. Qd2 $14 {stays ahead.} Bxf4 (29... Bxa3 30. Rxe8 Bxc1 31. Rxd8 $18) 30. Qxf4+ Kg8 31. Rxe8+ Qxe8 32. Rb1) 29... Rxe1+ $2 (29... Bxf4 $19 30. Nxc4 Kf6 (30... Bxc1 31. Nd6+ Kg6 32. Qf7+ Kh7 33. Nxe8) (30... Re2 31. Ne5+ Ke7 32. Rxe2 $18)) 30. Rxe1 $11 Na5 (30... Bxf4 $11 31. Nxc4 Kf8 32. gxf4 Qf6 (32... Qxh4 33. Nd6 $16)) 31. Re4 {[%emt 0:04:08] Rd4 is the strong threat.} (31. Bd5+ {seems wilder.} Kf8 32. Re4 g5 33. hxg5 hxg5 34. Be3) 31... Bxf4 32. Rxf4+ Kg8 33. Rd4 Qe7 34. Rxd3 Qe2 (34... Nb3 $16 35. Re3 Qd6) 35. Re3 $18 Qd1+ 36. Kh2 Rd8 (36... Nb3 $142 37. Nf3 Re8) 37. Nf3 $16 {[%emt 0:01:54] Strongly threatening Re5.} Nb3 38. Re1 Qd3 39. Qb2 Ba6 40. Ne5 Qd2 41. Re2 Qd1 42. f4 (42. Bf3 $16) 42... Nc1 $2 (42... Rd2 $1 $14 43. Rxd2 Qxd2 44. Qxd2 Nxd2) 43. Re3 $2 (43. Qb6 $18 {and the rest is easy. Intending Qe6+ and mate.} Qd6 (43... Nxe2 44. Qe6+ Kh8 45. Nf7+ Kg8 46. Nxd8+ Kh8 47. Nf7+ Kh7 48. Be4+ Kg8 49. Qe8#) 44. Rb2) 43... Nb3 {[%emt 0:00:51] ...Rd2 would now be deadly.} 44. Re2 (44. Qf2 $16 Bb7 45. Qe2 (45. Bxb7 Rd2 $17) 45... Qxe2 46. Rxe2 Bxg2 47. Kxg2) 44... Nc1 $1 $18 45. Rf2 (45. Qb6 $1 $18 {[%cal Rb6e6] Qe6+ would kill now.} Qd6 (45... Nxe2 46. Qe6+ Kh8 47. Nf7+ Kg8 48. Nxd8+ Kh8 49. Nf7+ Kh7 50. Be4+ Kg8 51. Qe8#) 46. Rb2) 45... Nd3 (45... Nb3 $16 46. Bc6 Rd2 47. Rxd2 Qxd2+ 48. Qxd2 Nxd2) 46. Nxd3 Qxd3 47. Qb6 Bc8 48. Be4 Qd1 49. f5 $36 {[%emt 0:01:13][%mdl 2048] Hoping for f6. Keeping Black busy.} Rd2 50. Qe3 Rxf2+ 51. Qxf2 $16 {[%emt 0:00:03][%mdl 4096] Endgame. KQB-KQB} Qd6 52. Qe2 (52. Qf4 $142 $1 Qxa3 53. Qc7) 52... Qc5 53. Qf1 ({White should play} 53. f6 $16) 53... Kf7 54. Qf4 {[%emt 0:00:26] White wants to play g4.} (54. Qd1 {simplifies} Bxf5 55. Qd5+ Qxd5 56. Bxd5+ Ke7 57. Bxc4 Kd6 58. Kg2) 54... Ba6 $2 {[%emt 0:05:15][%mdl 8192] [#]} (54... Bd7 $1 $11 {and Black stays safe.}) 55. g4 $1 $18 Bb5 56. g5 hxg5 57. hxg5 Qxa3 $2 (57... Bd7 58. f6 g6) 58. g6+ Kf8 {[%emt 0:00:20] [#]} 59. f6 $1 Qc5 60. f7 (60. fxg7+ $142 Kxg7 61. Qf7+ Kh6 62. Qf6 (62. Qh7+ Kg5 $16) 62... Qh5+ 63. Kg3 Qg5+ 64. Qxg5+ Kxg5 65. g7) 60... Qb6 61. Kg2 (61. Bc6 $142 Qxc6 62. Qb8+ Qe8 63. fxe8=Q+ (63. fxe8=R+ Bxe8 64. Qd8 a3 65. Qd6+ Kg8 66. Qd5+ Kf8 67. Qc5+ Kg8 68. Qxc4+ Kf8) 63... Bxe8 64. Qb4+ Kg8 65. Qxc4+ Kf8 66. Qb4+ (66. Qc5+ Kg8 67. Qd5+ Kf8 68. Qd8 a3 69. Qd6+ Kg8 70. Qb8 Kf8 71. Qb4+ Kg8) 66... Kg8 67. Qb8 (67. Qc4+ Kf8 68. Qb4+ Kg8 69. Qb8 Kf8 70. Qd8 a3 71. Qd6+ Kg8)) 61... Bd7 62. Qh2 $4 (62. Qh4 $18 Qf6 (62... Qb2+ $2 63. Kf1 $18) 63. Qh5) 62... Qb2+ 63. Kg3 Qb8+ ({Inferior is} 63... Qxc3+ 64. Kf4 Qf6+ 65. Ke3 Qc3+ (65... Qb6+ 66. Kd2 $11) 66. Kf4 $11) 64. Kg2 Qxh2+ 65. Kxh2 {[%emt 0:00:02] KB-KB} a3 66. Bb1 Ba4 67. Kg3 {[%emt 0:00:19] [#]} Bc2 $1 68. Ba2 Bxg6 69. Kf4 Bxf7 70. Ke5 Ke7 71. Kd4 Kd6 {[%emt 0:00:10] A wild game.   Weighted Error Value: White=0.39/Black=0.64.  Loses game:     	White=1     	Black=2      Missed win:     	White=2     	Black=1      Mistake:       	White=5     	Black=9      Inaccurate:     	White=7     	Black=5      OK:         	White=8     	Black=14     Best:        	White=8     	Black=5      Strong:       	White=1     	Black=1} 0-1

[Event "XII Cracow ICC-A 2024"]
[Site "Krakow"]
[Date "2024.06.29"]
[Round "9.7"]
[White "Mirzoev, Azer"]
[Black "Cieslak, Patryk"]
[Result "1/2-1/2"]
[ECO "D02"]
[WhiteElo "2448"]
[BlackElo "2358"]
[Annotator "TA"]
[PlyCount "94"]
[EventDate "2024.06.20"]
[EventType "swiss"]
[EventCountry "POL"]
[SourceTitle "playchess.com"]
[Source "ChessBase"]
[SourceQuality "1"]
[TimeControl "40/5400+30:1800+30"]

1. d4 Nf6 2. Nf3 d5 3. c4 e6 4. Nbd2 c5 5. cxd5 exd5 6. e3 Nc6 7. Bb5 cxd4 8. Nxd4 Bd7 9. N4f3 Bd6 10. O-O O-O 11. b3 a6 12. Be2 Qe7 13. Bb2 Rac8 14. a3 Rfd8 15. b4 Bf5 16. Rc1 Bb8 17. Nb3 Ne4 18. Nbd4 Bg4 19. g3 Bh3 20. Re1 (20. Nxc6 $5 Rxc6 21. Rxc6 Bxf1 22. Rc1 $11) 20... Nxd4 21. Nxd4 (21. Qxd4 $14 {was preferrable.} f6 22. Rxc8 Bxc8 23. Rd1) 21... Be5 22. Rxc8 Rxc8 23. Bf3 (23. Bg4 $5 Bxg4 24. Qxg4 $15) 23... Qf6 24. Qe2 g6 25. Bg2 (25. Qd3 {simplifies} Bxd4 26. Qxd4 Qxd4 27. Bxd4 Rc2 28. a4) 25... Bxg2 26. Kxg2 Rc4 27. Rd1 h5 28. h4 Kh7 29. Ba1 Kg8 30. Qf3 (30. Bb2 $11 {keeps the balance.}) 30... Qxf3+ 31. Kxf3 Bxd4 (31... Rc7 $17) 32. Rxd4 $11 Rxd4 33. Bxd4 $17 {[%emt 0:01:26][%mdl 4096] Endgame. KB-KN} f6 {[%emt 0:00:36] The position is equal.} 34. a4 Kf7 35. Kg2 g5 36. f3 Nd2 37. Kf2 Nc4 38. e4 dxe4 39. fxe4 Ke6 40. Ke2 b5 41. axb5 axb5 42. Bc3 g4 43. Kd3 Ne5+ 44. Kd4 {[%emt 0:00:00] [#] Kc5 would now be deadly.} Kd6 45. Ke3 {[%emt 0:00:00] Hoping for Kf4.} Ke6 46. Kd4 {[%emt 0:00:00] Strongly threatening Kc5.} Kd6 47. Ke3 {[%emt 0:00:00] Threatens to win with Kf4.} Ke6 {[%emt 0:00:15] Weighted Error Value: White=0.10 (very precise) /Black=0.10 (very precise) .  Mistake:       	White=2     	Black=1      Inaccurate:     	White=1     	Black=4      OK:         	White=18    	Black=13} 1/2-1/2

[Event "XII Cracow ICC-A 2024"]
[Site "Krakow"]
[Date "2024.06.29"]
[Round "9.8"]
[White "Janeczko, Jakub"]
[Black "Licznerski, Lukasz"]
[Result "1/2-1/2"]
[ECO "B12"]
[WhiteElo "2293"]
[BlackElo "2434"]
[Annotator "TA"]
[PlyCount "93"]
[EventDate "2024.06.20"]
[EventType "swiss"]
[EventCountry "POL"]
[SourceTitle "playchess.com"]
[Source "ChessBase"]
[SourceQuality "1"]
[TimeControl "40/5400+30:1800+30"]

1. e4 c6 2. d4 d5 3. f3 Qb6 4. Nc3 dxe4 5. fxe4 e5 6. Nf3 {[%emt 0:00:09] B12: Caro-Kann: Advance Variation.} exd4 7. Nxd4 Bc5 8. Na4 Qa5+ 9. c3 Bd6 {[%emt 0:00:02] [#] is the new trend.} 10. Nf5 (10. Nf3 $1 $11 Be7 11. b4) 10... Be5 $15 11. Nd6+ $146 ({Predecessor:} 11. Ne3 Qc7 12. Ng4 Bxg4 13. Qxg4 Nf6 14. Qh3 Nbd7 15. b4 b5 16. Nc5 Nxc5 17. bxc5 b4 18. Bb2 bxc3 19. Bxc3 Nxe4 20. Bxe5 Qxe5 {0-1 Fercec,N (2460)-Feller,S (2569) CRO-chT1B 26th 2017 (3.2)}) 11... Bxd6 12. Qxd6 Qxa4 13. Qe5+ $1 Be6 14. b3 $1 Nd7 $1 15. Qxe6+ fxe6 16. bxa4 Ngf6 17. Bc4 Nc5 (17... Nxe4 18. O-O $11) (17... O-O-O $1 $15) 18. Be3 Nfxe4 19. O-O O-O-O (19... Nxa4 $6 20. Bxe6 Ke7 21. Bb3 Naxc3 22. Rf7+ Kd6 23. Rxb7 $16 (23. Rxg7 b5 $14)) 20. Rf7 Rd7 21. Raf1 (21. Rxd7 $15 Kxd7 22. Bd4) 21... Rhd8 (21... Nxa4 $2 22. Bxe6 (22. Bxa7 Re8 $17) 22... Nac5 23. Bxc5 (23. Bxd7+ Nxd7 24. Rxg7 h5 $18) 23... Nxc5 24. Bxd7+ Nxd7 25. Rxg7 $18) 22. h4 b6 (22... Nxa4 $2 23. Bxe6 (23. Bxa7 Nec5 $17) 23... Nd6 24. Rxd7 (24. Rxg7 Kc7 $18) 24... Rxd7 25. Rd1 $18 (25. Bxd7+ Kxd7 26. Bd4 g6 $18) (25. Bxa7 Kd8 $18)) 23. h5 Nd6 (23... Nxc3 24. Bxc5 Rxf7 (24... bxc5 $2 25. Bxe6 Ne2+ 26. Kf2 $18) 25. Rxf7 Rd1+ 26. Kf2 bxc5 27. Rxg7 $16 (27. Bxe6+ Kd8 $16)) 24. Bxc5 Nxc4 25. Be7 Ne3 26. Bxd8 Nxf1 27. Be7 Ng3 28. Rxg7 Nxh5 29. Rxh7 Ng3 30. Rh8+ Kb7 31. Bf6 Rd2 32. Be5 Nf5 33. Rh7+ Ka8 34. Rh8+ Kb7 35. Rh7+ Kc8 36. g4 Ne3 37. g5 Rxa2 (37... Rg2+ $11 38. Kh1 Rg4 (38... Rxg5 39. Bf4 $18)) 38. Bd4 (38. Rc7+ Kd8 39. g6 (39. Rxa7 $2 Ra1+ 40. Kh2 Ng4+ 41. Kg3 Nxe5 $19) 39... Rg2+ (39... Rxa4 $2 40. g7 $18) (39... Ra1+ 40. Kf2 $15) 40. Kh1 Rxg6 41. Rxc6 Rg4 $17) 38... Nf5 39. g6 c5 40. Rf7 (40. g7 {simplifies} Nxg7 41. Bxg7 Kb7 42. Be5+) 40... Nh4 (40... cxd4 $2 41. Rxf5 exf5 42. g7 $18) 41. g7 (41. Rf8+ Kd7 42. g7 Rg2+ (42... cxd4 $2 {perishes.} 43. Rf2 $18) 43. Kf1 cxd4) 41... Rg2+ ({Weaker is} 41... cxd4 42. g8=Q#) 42. Kf1 cxd4 43. cxd4 Kb8 44. Rf8+ Kb7 45. g8=Q Rxg8 46. Rxg8 Nf5 47. Ke2 1/2-1/2

[Event "XII Cracow ICC-A 2024"]
[Site "Krakow"]
[Date "2024.06.29"]
[Round "9.9"]
[White "Sieciechowicz, Marcin"]
[Black "Nurgaliyev, Sauat"]
[Result "1-0"]
[ECO "D85"]
[WhiteElo "2405"]
[BlackElo "2321"]
[Annotator "RC"]
[PlyCount "119"]
[EventDate "2024.06.20"]
[EventType "swiss"]
[EventCountry "POL"]
[SourceTitle "playchess.com"]
[Source "ChessBase"]
[SourceQuality "1"]
[TimeControl "40/5400+30:1800+30"]

1. d4 Nf6 2. c4 g6 3. Nc3 d5 4. cxd5 Nxd5 5. Bd2 c5 6. e4 Nxc3 7. Bxc3 cxd4 8. Bxd4 e5 9. Bc3 Qxd1+ 10. Rxd1 f6 11. Nf3 Be6 12. Bb5+ Nc6 13. Nd2 O-O-O 14. Bxc6 bxc6 15. Ke2 Bc5 16. b3 Rd7 17. Rc1 Bd6 18. Ba5 Kb7 19. Rc2 Rc8 20. Rd1 Bb8 21. Rdc1 a6 22. Bb4 Ba7 23. Bc5 Bxc5 24. Rxc5 Rcd8 25. R1c2 Rd6 26. f3 Kc7 27. Nb1 Rb8 28. Nc3 Bc8 29. b4 Bb7 30. Nd5+ Kd8 31. Nb6 Rd4 32. a3 Ke7 33. Nc4 Ba8 34. Na5 Rd6 35. Nxc6+ Bxc6 36. Rxc6 h5 37. Rc7+ Rd7 38. R2c6 Rxc7 39. Rxc7+ Kd6 40. Ra7 Rb6 41. Kd3 h4 42. g3 hxg3 43. hxg3 Ke6 44. g4 Rc6 45. a4 Rd6+ 46. Kc4 Rc6+ 47. Kb3 Rd6 48. a5 Rd3+ 49. Kc4 Rxf3 50. Rxa6+ Kd7 51. b5 f5 52. Kd5 Rb3 53. Ra7+ Kc8 54. b6 fxg4 55. Rg7 Ra3 56. Rxg6 g3 57. Rg8+ Kb7 58. Rg7+ Kb8 59. a6 Rxa6 60. Kc6 1-0